 Dungeon Crawl Stone Soup version 0.32-a0-132-g2d33c3cfaf (webtiles) character file.

Game seed: 3715123329558257185

4921 CougarLife the Magician (level 10, 0/74 HPs)
             Began as a Gnoll Earth Elementalist on Feb 9, 2024.
             Was a Believer of Cheibriados.
             Slain by a wyvern (10 damage)
             ... on level 8 of the Dungeon.
             The game lasted 00:15:44 (8518 turns).

CougarLife the Magician (Gnoll Earth Elementalist)  Turns: 8518, Time: 00:15:44

Health: 0/74       AC: 16    Str: 13    XL:     10   Next: 52%
Magic:  22/30      EV: 15    Int: 24    God:    Cheibriados [**....]
Gold:   452        SH:  0    Dex: 17    Spells: 20/24 levels left

rFire   . . .        v - +8 pair of quick blades "Gyre" and "Gimble" {protect}
rCold   . . .        (shield currently unavailable)
rNeg    . . .        o - +2 leather armour {Will+}
rPois   .            (no helmet)
rElec   .            n - +2 cloak
rCorr   .            (no gloves)
SInv    .            (no boots)
Will    +....        (no amulet)
Stlth   ++++         l - ring "Moiqewk" {MP+9 Stlth+}
HPRegen 0.32/turn    (no ring)
MPRegen 0.22/turn

%: no passive effects
@: under a protective aura, very slow
A: fangs 1, strong nose, distributed training
a: Renounce Religion, Bend Time


You were on level 8 of the Dungeon.
You worshipped Cheibriados.
Cheibriados was pleased with you.
You visited 2 branches of the dungeon, and saw 9 of its levels.
You also visited: Sewer.

You collected 452 gold pieces.

Inventory:

Hand Weapons
 v - the +8 pair of quick blades "Gyre" and "Gimble" (weapon) {protect}
   (You found it on level 6 of the Dungeon)
Armour
 n - a +2 cloak (worn)
 o - a +2 leather armour of willpower (worn)
Jewellery
 e - a ring of ice
 f - a ring of ice
 l - the ring "Moiqewk" (left hand) {MP+9 Stlth+}
   (You found it on level 4 of the Dungeon)

   [ring of magical power]

   MP+9:      It affects your magic capacity (+9).
   Stlth+:    It makes you more stealthy.
 y - a +6 ring of strength
Wands
 k - a wand of polymorph (25)
 u - a wand of paralysis (21)
 z - a wand of quicksilver (15)
Scrolls
 c - 13 scrolls of identify {unknown}
 d - 10 scrolls of enchant weapon {unknown}
 g - 3 scrolls of amnesia {unknown}
 m - 4 scrolls of fog {unknown}
 r - 2 scrolls of brand weapon {unknown}
 t - a scroll of immolation {unknown}
 x - a scroll of blinking {unknown}
Potions
 a - a potion of brilliance {unknown}
 b - a potion of magic
 h - 2 potions of haste {unknown}
 i - 2 potions of enlightenment {unknown}
 p - a potion of mutation {unknown}
 q - a potion of resistance {unknown}
 s - 2 potions of curing
 w - a potion of ambrosia {unknown}


   Skills:
 + Level 5.5 Fighting
 + Level 5.5 Short Blades
 + Level 5.5 Long Blades
 + Level 5.5 Axes
 + Level 5.5 Maces & Flails
 + Level 5.5 Polearms
 + Level 5.5 Staves
 + Level 5.5 Ranged Weapons
 + Level 5.5 Throwing
 + Level 5.5 Armour
 + Level 7.3 Dodging
 + Level 7.0 Stealth
 + Level 5.5 Shields
 + Level 5.5 Unarmed Combat
 + Level 7.5 Spellcasting
 + Level 5.1 Conjurations
 + Level 4.6 Hexes
 + Level 4.6 Summonings
 + Level 4.6 Necromancy
 + Level 4.6 Translocations
 + Level 4.6 Fire Magic
 + Level 4.6 Ice Magic
 + Level 4.6 Air Magic
 + Level 7.2 Earth Magic
 + Level 4.6 Alchemy
 + Level 6.1 Invocations
 + Level 5.5 Evocations
 + Level 5.0 Shapeshifting


You had 20 spell levels left.
You knew the following spells:

 Your Spells              Type           Power      Damage    Failure   Level
a - Sandblast             Erth           86%        2d18      1%          1
b - Stone Arrow           Conj/Erth      76%        3d11      1%          3

Your spell library contained the following spells:

 Spells                   Type           Power      Damage    Failure   Level
 Apportation              Tloc           62%        N/A       1%          1
 Magic Dart               Conj           100%       1d8       1%          1
 Necrotise                Necr           100%       1d9       1%          1
 Slow                     Hex            100%       N/A       1%          1
 Sting                    Conj/Alch      100%       1d9       1%          1
 Summon Small Mammal      Summ           100%       N/A       1%          1
 Searing Ray              Conj           66%        2d6       1%          2
 Passwall                 Erth           43%        N/A       1%          3
 Confusing Touch          Hex            31%        N/A       3%          3
 Sigil of Binding         Hex            31%        N/A       3%          3
 Vampiric Draining        Necr           31%        2d8       3%          3
 Brom's Barrelling Bould  Conj/Erth      38%        2d6       6%          4
 Petrify                  Alch/Erth      37%        N/A       8%          4
 Fulminant Prism          Conj/Alch      16%        3d11      11%         4


Dungeon Overview and Level Annotations

Branches:
Dungeon (8/15)             Temple (1/1) D:7            Lair (0/5) D:8
  Sewer (visited)

Altars:
Ashenzari
Cheibriados
Dithmenos
Elyvilon
Fedhas
Gozag
Hepliaklqana
Kikubaaqudgha
Makhleb
Nemelex Xobeh
Okawaru
Qazlal
Ru
Sif Muna
Uskayaw
Vehumet
Wu Jian
Xom
Yredelemnul
Zin
The Shining One

Annotations:
D:5 3 runed translucent doors, zenocrate's ghost, weakling KoDe
D:8 2 transporters
Temple 2 transporters


Innate Abilities, Weirdness & Mutations

You have very sharp teeth.
Your uncanny sense of smell can sniff out nearby items.
Your experience applies equally to all skills.


Message History

Aim: a wyvern (heavily wounded, 85% to hit)
The blast of sand hits the wyvern.
The wyvern is severely wounded.
The wyvern bites you but does no damage.
The wyvern misses you. The wyvern bites you! The wyvern misses you.
The wyvern completely misses you.
Casting: Sandblast (safe; 1% risk of failure)
Confirm with . or Enter, or press ? or * to list all spells.
Aiming: Sandblast (safe; 1% risk of failure)
Press: ? - help, Shift-Dir - straight line, f/p - wyvern
Aim: a wyvern (severely wounded, 85% to hit)
The blast of sand hits the wyvern!
You kill the wyvern!
Cheibriados appreciates the change of pace.
Cheibriados raises the support of your attributes as your movement slows.
The wyvern bites you but does no damage.
The wyvern bites you!
The wyvern bites you but does no damage.
Casting: Sandblast (safe; 1% risk of failure)
Confirm with . or Enter, or press ? or * to list all spells.
Aiming: Sandblast (safe; 1% risk of failure)
Press: ? - help, Shift-Dir - straight line, f - wyvern
Aim: a wyvern (85% to hit)
The blast of sand hits the wyvern.
The wyvern is moderately wounded.
The wyvern barely misses you.
The wyvern bites you but does no damage.
You hit the wyvern.
Your weapon exudes an aura of protection.
You hit the wyvern. x2; You closely miss the wyvern.
The wyvern is heavily wounded.
The wyvern bites you!
You hit the wyvern. x3; You bite the wyvern, but do no damage.
You barely miss the wyvern.
The wyvern is severely wounded.
The wyvern bites you!
* * * LOW HITPOINT WARNING * * *
The wyvern bites you!
You die...
Cheibriados appreciates the motionlessness of death.

## ...P...... #..
....♣...##
.P.♣♣......P.#
..♣.♣PP......###
.......$.......#
P..!...........##
...P..>†k.......$
P..♣..@....P..#
.....♣.........# ..#
...........♣...####..#
...P.................#
..♣.....P...#...##[..#
............##..#....##
#.##..................##
#...####.....#.#........
##. #(...##..........


You could see a wyvern.

Vanquished Creatures
  Maurice (D:7)
  4 yaks (D:8)
  A wyvern (D:8)
  A steam dragon (D:6)
  A basilisk (D:8)
  3 sky beasts
  3 water moccasins
  A hornet zombie (D:6)
  2 ice beasts (D:6)
  A centaur (D:6)
  2 phantoms
  3 kobold brigands
  4 bullfrogs
  4 scorpions
  2 water moccasin zombies (D:6)
  8 killer bees (D:8)
  5 electric eels
  2 centaur zombies (D:6)
  A hound (D:4)
  4 jellies
  2 orc priests
  A gnoll bouda (D:4)
  Crazy Yiuf (D:3)
  7 iguanas
  5 sleepcaps
  Natasha (thrice) (D:4)
  A howler monkey zombie (D:6)
  15 gnolls
  9 adders
  A shadow imp (D:6)
  2 white imps
  2 ufetubi (D:6)
  2 dart slugs
  4 ribbon worms
  7 orcs
  6 bats
  7 endoplasms
  4 giant cockroaches
  6 goblins
  4 hobgoblins
  4 jackals (D:1)
  4 quokkas
  7 ball pythons
  2 frilled lizards
  25 kobolds
  4 rats
188 creatures vanquished.

Vanquished Creatures (others)
  A kobold (D:6)
1 creature vanquished.

Grand Total: 189 creatures vanquished

Notes
Turn   | Place    | Note
-------+----------+-------------------------------------------
     0 | D:1      | CougarLife the Gnoll Earth Elementalist began the quest for
                  | the Orb.
     0 | D:1      | Reached XP level 1. HP: 13/13 MP: 6/6
   272 | D:1      | Reached XP level 2. HP: 19/19 MP: 4/7
  1079 | D:1      | Reached skill level 5 in Spellcasting
  1079 | D:1      | Reached XP level 3. HP: 25/25 MP: 3/9
  1147 | D:1      | Found a faded altar of an unknown god.
  1493 | D:2      | Reached skill level 1 in Invocations
  1661 | D:2      | Reached skill level 1 in Fighting
  1661 | D:2      | Reached skill level 1 in Short Blades
  1661 | D:2      | Reached skill level 1 in Long Blades
  1661 | D:2      | Reached skill level 1 in Axes
  1661 | D:2      | Reached skill level 1 in Maces & Flails
  1661 | D:2      | Reached skill level 1 in Polearms
  1661 | D:2      | Reached skill level 1 in Staves
  1661 | D:2      | Reached skill level 1 in Ranged Weapons
  1661 | D:2      | Reached skill level 1 in Throwing
  1661 | D:2      | Reached skill level 1 in Armour
  1661 | D:2      | Reached skill level 1 in Shields
  1661 | D:2      | Reached skill level 1 in Unarmed Combat
  1661 | D:2      | Reached skill level 1 in Evocations
  1668 | D:2      | Identified the +3 whip "Anataily" {spect, Int+6 Dex-5}
  2000 | D:2      | Reached skill level 1 in Shapeshifting
  2000 | D:2      | Reached XP level 4. HP: 32/32 MP: 9/11
  2208 | D:3      | Found a broken altar of Ashenzari.
  2230 | D:3      | Reached skill level 1 in Hexes
  2230 | D:3      | Reached skill level 1 in Summonings
  2230 | D:3      | Reached skill level 1 in Necromancy
  2230 | D:3      | Reached skill level 1 in Translocations
  2230 | D:3      | Reached skill level 1 in Fire Magic
  2230 | D:3      | Reached skill level 1 in Ice Magic
  2230 | D:3      | Reached skill level 1 in Air Magic
  2230 | D:3      | Reached skill level 1 in Alchemy
  2241 | D:3      | Reached XP level 5. HP: 13/37 MP: 6/12
  2946 | D:3      | Found a runed translucent door.
  2947 | D:3      | Noticed Crazy Yiuf
  2953 | D:3      | Killed Crazy Yiuf
  2965 | D:3      | Learned a level 3 spell: Stone Arrow
  2989 | D:4      | Identified the ring "Moiqewk" {MP+9 Stlth+}
  3111 | D:4      | Reached XP level 6. HP: 44/44 MP: 14/14
  3252 | D:4      | Reached skill level 5 in Dodging
  3562 | D:4      | Noticed Natasha
  3566 | D:4      | Killed Natasha
  3755 | D:4      | Noticed Natasha
  3772 | D:4      | Killed Natasha
  3906 | D:4      | Reached XP level 7. HP: 29/51 MP: 15/15
  3962 | D:4      | Noticed Natasha
  3971 | D:4      | Killed Natasha
  4093 | D:4      | Found a radiant altar of Vehumet.
  4232 | D:4      | Reached skill level 5 in Stealth
  4556 | D:5      | Entered Level 5 of the Dungeon
  4680 | D:5      | You fall into a shaft and drop 2 floors!
  4758 | D:5      | Found a burning altar of Makhleb.
  4825 | D:5      | Found a glowing drain.
  4858 | Sewer    | Entered a sewer
  4918 | Sewer    | Reached XP level 8. HP: 48/58 MP: 16/16
  5372 | D:5      | Found a runed translucent gate.
  5372 | D:5      | Found a runed translucent gate.
  5373 | D:5      | Found a runed translucent gate.
  5406 | D:5      | Noticed zenocrate's ghost (weakling KoDe)
  5617 | D:5      | Found an ornate altar of the Wu Jian Council.
  5979 | D:6      | Found a blossoming altar of Fedhas.
  6200 | D:6      | Reached XP level 9. HP: 12/65 MP: 14/18
  6416 | D:6      | Found the +8 pair of quick blades "Gyre" and "Gimble"
                  | {protect}
  6527 | D:6      | Found a basalt altar of Yredelemnul.
  7145 | D:7      | Found a staircase to the Ecumenical Temple.
  7167 | Temple   | Found a transporter.
  7167 | Temple   | Found a transporter.
  7167 | Temple   | Found a transporter.
  7167 | Temple   | Found a transporter.
  7167 | Temple   | Entered the Ecumenical Temple
  7182 | Temple   | Became a worshipper of Cheibriados the Contemplative
  7211 | D:7      | Found a shadowy altar of Dithmenos.
  7295 | D:7      | Reached skill level 5 in Invocations
  7476 | D:7      | Noticed Maurice
  7485 | D:7      | Something stole a ring of ice
  7486 | D:7      | Something stole 373 gold
  7492 | D:7      | Killed Maurice
  7659 | D:7      | Found a shimmering blue altar of Sif Muna.
  8095 | D:8      | Reached * piety under Cheibriados
  8098 | D:8      | Reached skill level 5 in Fighting
  8098 | D:8      | Reached skill level 5 in Short Blades
  8098 | D:8      | Reached skill level 5 in Long Blades
  8098 | D:8      | Reached skill level 5 in Axes
  8098 | D:8      | Reached skill level 5 in Maces & Flails
  8098 | D:8      | Reached skill level 5 in Polearms
  8098 | D:8      | Reached skill level 5 in Staves
  8098 | D:8      | Reached skill level 5 in Ranged Weapons
  8098 | D:8      | Reached skill level 5 in Throwing
  8098 | D:8      | Reached skill level 5 in Armour
  8098 | D:8      | Reached skill level 5 in Shields
  8098 | D:8      | Reached skill level 5 in Unarmed Combat
  8098 | D:8      | Reached skill level 5 in Evocations
  8098 | D:8      | Reached XP level 10. HP: 51/74 MP: 20/20
  8230 | D:8      | Found a white marble altar of Elyvilon.
  8317 | D:8      | Reached ** piety under Cheibriados
  8347 | D:8      | Found a transporter.
  8349 | D:8      | Found a transporter.
  8458 | D:8      | Found a hazy altar of Hepliaklqana.
  8489 | D:8      | Reached skill level 5 in Conjurations
  8494 | D:8      | Reached skill level 5 in Shapeshifting
  8501 | D:8      | Found a staircase to the Lair.
  8518 | D:8      | Slain by a wyvern

Illustrated notes

Levels and vault maps discovered:
D:1:      heliophobic_arrival_glass_houses, layout_loops_corners,
          chequers_ecumenical_altar_lobes
D:2:      kennysheep_big_flooded_room, layout_loops_ring
D:3:      layout_loops_ring, mainiacjoe_overflow_paths, uniq_crazy_yiuf_cottage
D:4:      layout_basic, nicolae_vehumet_radiance, grunt_decor_resistance,
          uniq_natasha
D:5:      layout_basic, overflow_temple_1_default, nzn_wu_jian_contemplation,
          cheibrodos_sewer_entry_bend, gammafunk_ghost_necromancy
D:6:      layout_cave_pools, fedhas_bush_and_centaur_altar,
          nicolae_yredelemnul_corpse_copse, serial_rivers,
          chequers_serial_rivers_room_a, chequers_serial_rivers_large_a,
          chequers_serial_rivers_small_b, chequers_serial_rivers_micro_a,
          chequers_serial_rivers_small_3, chequers_serial_rivers_room_b
D:7:      layout_basic, mainiacjoe_overflow_alcove_1,
          nicolae_sif_muna_condensation, minmay_temple_entry_wispy,
          kennysheep_flooded_box, nicolae_underground_beach, uniq_maurice
D:8:      gammafunk_beogh_shrine, layout_rooms,
          nicolae_hepliaklqana_hippocampus, nicolae_elyvilon_temple_path,
          minmay_lair_entry_grove, enter_bailey_6
Temple:   hellmonk_temple_divided_pantheon

Skill      XL: |  1  2  3  4  5  6  7  8  9 10 |
---------------+-------------------------------+-----
Conjurations   | 2 3 4 5 |  5.1
Spellcasting   | 5 6 7 |  7.5
Invocations    | 1 2 3 4 5 6 |  6.1
Fighting       | 1 2 3 4 5 |  5.5
Short Blades   | 1 2 3 4 5 |  5.5
Long Blades    | 1 2 3 4 5 |  5.5
Axes           | 1 2 3 4 5 |  5.5
Maces & Flails | 1 2 3 4 5 |  5.5
Polearms       | 1 2 3 4 5 |  5.5
Staves         | 1 2 3 4 5 |  5.5
Ranged Weapons | 1 2 3 4 5 |  5.5
Throwing       | 1 2 3 4 5 |  5.5
Armour         | 1 2 3 4 5 |  5.5
Shields        | 1 2 3 4 5 |  5.5
Unarmed Combat | 1 2 3 4 5 |  5.5
Evocations     | 1 2 3 4 5 |  5.5
Shapeshifting  | 1 2 3 4 5 |  5.0
Hexes          | 1 2 3 4 |  4.6
Summonings     | 1 2 3 4 |  4.6
Necromancy     | 1 2 3 4 |  4.6
Translocations | 1 2 3 4 |  4.6
Fire Magic     | 1 2 3 4 |  4.6
Ice Magic      | 1 2 3 4 |  4.6
Air Magic      | 1 2 3 4 |  4.6
Alchemy        | 1 2 3 4 |  4.6
Dodging        | 5 6 7 |  7.3
Stealth        | 5 6 7 |  7.0
Earth Magic    | 6 7 |  7.2

Action                     |  1- 3 |  4- 6 |  7- 9 | 10-12 || total
---------------------------+-------+-------+-------+-------++-------
  Melee: Dagger            |     8 |       |       |       ||     8
         Bite              |     1 |     3 |    13 |     8 ||    25
         Punch             |     1 |       |     1 |       ||     2
         Whip              |     2 |    10 |    32 |       ||    44
         Pair of quick bla |       |       |    86 |    64 ||   150
   Cast: Sandblast         |    43 |    42 |   152 |    35 ||   272
         Stone Arrow       |       |     5 |    22 |     1 ||    28
    Use: Potion            |       |       |     4 |       ||     4
   Stab: Distracted        |       |       |     1 |       ||     1
         Sleeping          |       |       |     1 |     1 ||     2
 Armour: Robe              |    12 |    22 |     3 |       ||    37
         Skin              |       |    14 |       |       ||    14
         Leather armour    |       |       |   150 |    38 ||   188
  Dodge: Dodged            |    24 |    44 |   152 |    38 ||   258

Table legend: (Time is in decaauts)
 A = Elapsed time spent in this place.
 B = Non-inter-level travel time spent in this place.
 C = Inter-level travel time spent in this place.
 D = Time resting spent in this place.
 E = Time spent auto-exploring this place.
 F = Levels seen in this place.
 G = Mean time per level.
                   A        B        C        D        E       F      G
               +--------+--------+--------+--------+--------+-----+--------+
         Total |   8997 |   8546 |    451 |   1082 |   5748 |  10 |  899.7 |
       Dungeon |   8518 |   8079 |    439 |   1031 |   5522 |   8 | 1064.8 |
        Temple |     34 |     23 |     11 |      0 |      0 |   1 |   34.0 |
         Sewer |    445 |    445 |      0 |     51 |    226 |   1 |  445.0 |
               +--------+--------+--------+--------+--------+-----+--------+

Top non-repeatable levels by time:
     D:4: 1592 daAuts
     D:7: 1334 daAuts
     D:1: 1213 daAuts
     D:2: 990 daAuts
     D:5: 983 daAuts
     D:6: 966 daAuts
     D:3: 815 daAuts
     D:8: 622 daAuts
   Sewer: 445 daAuts
  Temple: 34 daAuts
